Map: Catalyst LE

Players

hinO

  • Race: Zerg Zerg
  • Spawn Location: 5:00

HeltEn - Winner!

  • Race: Terran Terran
  • Spawn Location: 11:00

Event: WCS Leipzig 2018

VOD

Have the link to the VOD?

Description

Time

  • Played on: Jan. 26, 2018, 8:13 a.m.
  • Length: 23:58

All games in this series

Show
View Real Time Build Order
Export as new Build Order

hinO Zerg 

Build Orders: Pool First 

Get SALT Encoding   

  12  0:00  Drone  
  13  0:08  Drone  
  14  0:18  Overlord  
  14  0:25  Drone, Extractor  
  15  0:36  Drone x2  
  17  0:45  Spawning Pool  
  17  0:49  Drone  
  17  1:12  Hatchery  
  17  1:18  Overlord  
  16  1:32  Zergling x6  
  19  1:36  Queen  
  21  1:40  Extractor  
  21  1:43  Drone  
  21  1:55  Drone  
  22  2:04  Drone  
  23  2:20  Drone  
  24  2:24  Queen  
  24  2:25  Drone  
  24  2:26  Drone  
  28  2:34  Drone  
  29  2:37  Drone  
  29  2:41  Metabolic Boost  
  30  2:44  Drone x2  
  30  2:46  Drone x2  
  30  2:50  Drone  
  33  3:03  Hatchery  
  32  3:07  Zergling x6  
  32  3:11  Overlord  
  34  3:18  Drone  
  35  3:23  Drone  
  36  3:29  Queen  
  36  3:31  Zergling x6  
  36  3:34  Overlord  
  41  3:36  Drone x2  
  41  3:37  Drone  
  44  3:46  Overlord  
  44  3:53  Drone x2  
  46  3:57  Drone x2  
  46  4:02  Overlord  
  48  4:03  Zergling x4  
  48  4:04  Queen  
  52  4:11  Overlord  
  52  4:15  Queen  
  54  4:18  Overlord  
  54  4:21  Drone x2  
  54  4:22  Baneling Nest  
  55  4:26  Drone x3  
  57  4:33  Drone x3  
  60  4:39  Drone  
  60  4:40  Drone, Queen  
  64  4:47  Extractor  
  64  4:50  Zergling x6  
  64  4:51  Queen  
  68  4:57  Overlord  
  68  4:58  Drone  
  68  4:59  Extractor  
  68  5:00  Zergling x6  
  68  5:02  Drone  
  68  5:05  Overlord  
  68  5:06  Drone  
  73  5:08  Baneling x2  
  73  5:09  Baneling x3  
  73  5:13  Drone  
  74  5:16  Queen  
  74  5:17  Drone  
  74  5:18  Drone  
  74  5:19  Drone  
  79  5:21  Drone  
  82  5:28  Spore Crawler  
  82  5:32  Drone  
  82  5:33  Drone  
  82  5:34  Spore Crawler  
  82  5:36  Spore Crawler  
  82  5:38  Drone  
  82  5:45  Overlord  
  82  5:46  Drone, Spore Crawler  
  80  5:50  Drone x2  
  80  5:51  Lair  
  80  5:52  Drone x3  
  84  6:01  Overlord  
  84  6:03  Drone x2  
  86  6:06  Drone x2  
  86  6:08  Drone x3, Evolution Chamber  
  86  6:10  Evolution Chamber  
  89  6:13  Zergling x8  
  93  6:20  Zergling x2  
  93  6:21  Zergling x6  
  93  6:24  Extractor  
  93  6:25  Extractor, Roach Warren  
  87  6:33  Drone x2  
  87  6:34  Drone x2  
  87  6:35  Drone x2  
  87  6:39  Zerg Ground Armor Level 1  
  89  6:42  Drone x3  
  90  6:49  Overseer  
  85  6:57  Drone x2, Spire  
  85  6:58  Drone  
  85  6:59  Drone x2  
  89  7:03  Extractor  
  89  7:04  Overseer  
  88  7:10  Zerg Missile Weapons Level 1  
  88  7:11  Drone x4  
  92  7:16  Drone x3  
  92  7:22  Overlord x2  
  95  7:26  Drone  
  95  7:27  Drone  
  95  7:29  Overlord  
  97  7:32  Roach x4  
  97  7:33  Extractor  
  103  7:45  Roach x4  
  103  7:50  Overlord  
  109  8:04  Overlord  
  109  8:10  Roach  
  109  8:11  Roach x8  
  109  8:12  Baneling x6  
  127  8:18  Overlord x3  
  123  8:21  Zerg Flyer Weapons Level 1  
  123  8:24  Hatchery  
  123  8:25  Overlord  
  118  8:28  Roach x5  
  126  8:39  Drone  
  126  8:40  Overlord  
  126  8:41  Overlord  
  127  8:44  Overlord  
  127  8:45  Drone  
  128  8:51  Mutalisk x8  
  144  8:57  Drone x4  
  148  9:07  Mutalisk x2  
  148  9:08  Mutalisk  
  152  9:16  Mutalisk x4  
  155  9:20  Extractor x2  
  155  9:21  Zerg Missile Weapons Level 2  
  155  9:23  Drone x3  
  158  9:30  Overseer  
  158  9:32  Zergling x4  
  158  9:33  Drone x3  
  158  9:35  Drone  
  158  9:37  Mutalisk x2  
  168  9:41  Mutalisk  
  165  9:48  Drone x4  
  169  9:53  Mutalisk x2  
  173  10:00  Mutalisk  
  173  10:10  Roach x2  
  173  10:11  Hydralisk Den, Infestation Pit  
  173  10:13  Overlord x2  
  175  10:15  Drone x2  
  175  10:20  Zergling x16  
  185  10:23  Centrifical Hooks  
  185  10:27  Overlord  
  185  10:28  Zerg Ground Armor Level 2, Overlord  
  185  10:31  Roach x2  
  189  10:44  Hydralisk x5  
  189  10:48  Baneling  
  189  10:49  Baneling x6  
  199  10:56  Hive  
  199  11:02  Glial Reconstitution  
  192  11:17  Corruptor x2  
  192  11:18  Corruptor  
  189  11:37  Spine Crawler x2  
  189  11:39  Spine Crawler  
  186  11:40  Spine Crawler  
  186  11:41  Corruptor x2  
  186  11:42  Corruptor  
  176  11:59  Corruptor x2  
  180  12:11  Greater Spire, Corruptor x3  
  186  12:17  Spine Crawler  
  186  12:18  Drone x5  
  186  12:20  Spine Crawler  
  189  12:26  Spine Crawler  
  189  12:27  Spine Crawler  
  185  12:35  Zerg Melee Weapons Level 1  
  185  12:37  Viper x3  
  182  12:55  Roach x8  
  182  12:56  Roach x6  
  191  13:02  Hydralisk x2  
  177  13:10  Hydralisk  
  177  13:11  Hydralisk x7  
  191  13:16  Hydralisk x3  
  191  13:18  Zergling x14  
  190  13:24  Hydralisk x3  
  190  13:25  Hydralisk  
  195  13:27  Zergling x12  
  196  13:41  Roach x4  
  165  13:50  Hydralisk  
  165  13:51  Hydralisk x8  
  165  13:52  Zergling x4  
  165  13:55  Roach x2  
  161  13:59  Roach x2  
  143  14:03  Hydralisk x2  
  143  14:05  Zergling x2  
  143  14:09  Roach  
  142  14:11  Roach x2  
  142  14:13  Roach  
  131  14:20  Roach  
  131  14:22  Roach x2  
  136  14:26  Roach  
  136  14:34  Viper x2  
  142  14:47  Corruptor x2  
  142  14:51  Hatchery  
  145  14:55  Extractor, Viper  
  147  15:06  Drone  
  149  15:07  Drone x2  
  149  15:08  Drone x3  
  152  15:25  Brood Lord  
  152  15:26  Zerg Flyer Weapons Level 2  
  152  15:28  Brood Lord  
  137  15:29  Drone x2, Extractor  
  137  15:32  Drone  
  133  15:37  Drone  
  133  15:40  Drone  
  118  15:52  Drone  
  118  15:53  Drone x3  
  118  15:55  Drone  
  123  15:58  Drone  
  124  16:15  Drone x3  
  124  16:16  Drone x3  
  130  16:28  Corruptor  
  130  16:30  Zerg Melee Weapons Level 2  
  125  16:44  Drone x4  
  125  16:45  Drone x2  
  131  16:51  Drone x3  
  134  17:02  Corruptor  
  134  17:07  Brood Lord  
  138  17:12  Corruptor  
  140  17:19  Corruptor  
  142  17:24  Corruptor  
  144  17:30  Corruptor  
  146  17:38  Zerg Ground Armor Level 3  
  146  17:43  Brood Lord  
  148  17:48  Brood Lord  
  150  17:54  Brood Lord  
  152  17:58  Corruptor  
  152  18:04  Brood Lord  
  156  18:11  Brood Lord  
  158  18:14  Corruptor  
  160  18:23  Zerg Flyer Armor Level 1  
  160  18:25  Corruptor  
  162  18:31  Corruptor  
  164  18:35  Brood Lord  
  164  18:40  Viper  
  169  18:47  Corruptor  
  171  18:51  Brood Lord  
  171  18:55  Corruptor  
  175  19:01  Corruptor  
  177  19:07  Brood Lord  
  177  19:09  Overseer  
  179  19:10  Overseer  
  179  19:14  Corruptor  
  181  19:24  Brood Lord  
  181  19:25  Brood Lord  
  185  19:31  Corruptor  
  187  19:46  Hatchery  
  187  19:47  Drone x3  
  187  19:49  Drone  
  187  19:50  Drone  
  192  20:00  Corruptor x3  
  198  20:12  Corruptor  
  199  20:20  Overseer  
  199  20:21  Extractor  
  199  20:22  Hatchery, Overseer  
  199  20:26  Extractor  
  199  20:28  Corruptor  
  196  20:34  Corruptor  
  196  20:49  Brood Lord  
  198  20:50  Corruptor, Brood Lord  
  194  20:57  Corruptor  
  194  21:03  Corruptor  
  198  21:14  Corruptor  
  158  21:39  Corruptor x2  
  143  21:40  Corruptor x2  
  137  21:51  Zergling x6  
  130  22:00  Corruptor  
  132  22:01  Zergling x4  
  132  22:02  Zergling x4  
  132  22:06  Hatchery  
  135  22:15  Corruptor  
  133  22:16  Zergling x10  
  133  22:22  Zergling x6  
  135  22:26  Corruptor  
  125  22:33  Zergling x2  
  125  22:34  Zergling x4  
  115  22:43  Corruptor  
  112  22:44  Zergling x4  
  112  22:50  Zergling x4  
  103  23:07  Corruptor  
  91  23:16  Corruptor  
  75  23:29  Corruptor  
  75  23:30  Zergling x4  
Show
View Real Time Build Order
Export as new Build Order

HeltEn Terran - Winner!

Build Orders: Gas First Reaper Expand, Reaper Expand, Hellion Banshee 

Get SALT Encoding   

  12  0:00  SCV  
  13  0:13  SCV  
  14  0:17  Supply Depot  
  14  0:25  SCV  
  14  0:28  Refinery  
  15  0:39  SCV  
  16  0:44  Barracks  
  16  0:51  SCV  
  17  1:03  SCV  
  18  1:15  SCV  
  19  1:31  Orbital Command, Reaper  
  20  1:43  Command Center  
  20  1:53  Factory  
  20  1:59  SCV  
  21  2:04  Refinery  
  21  2:06  Reaper  
  22  2:14  Supply Depot  
  22  2:15  SCV  
  23  2:35  SCV  
  26  2:37  Hellion  
  26  2:45  Starport  
  26  2:48  SCV  
  26  2:53  Barracks Reactor  
  26  3:00  SCV  
  26  3:03  Hellion  
  29  3:13  SCV  
  29  3:17  Orbital Command  
  30  3:22  Viking  
  30  3:25  SCV  
  33  3:36  Hellion x2  
  33  3:37  SCV, Barracks Tech Lab  
  38  3:42  SCV  
  38  3:43  Supply Depot  
  39  3:50  SCV  
  39  3:55  SCV  
  41  3:57  Hellion  
  41  3:58  Hellion  
  46  4:13  SCV x2  
  46  4:15  Cloaking Field  
  46  4:16  Banshee  
  50  4:18  Supply Depot  
  50  4:23  Hellion x2  
  54  4:29  Supply Depot  
  54  4:39  SCV x2  
  54  4:41  Command Center  
  56  4:51  SCV x2  
  58  4:55  Hellion x2  
  58  4:57  Refinery  
  62  5:03  SCV x2  
  62  5:04  Refinery  
  62  5:05  Banshee  
  67  5:17  Armory  
  67  5:18  Armory  
  67  5:20  SCV x2  
  69  5:32  SCV  
  69  5:35  Supply Depot  
  70  5:36  SCV, Hellion x2  
  70  5:38  Supply Depot  
  75  5:53  Barracks Tech Lab  
  75  5:56  SCV x2, Factory x2  
  77  6:01  Orbital Command  
  77  6:04  Hellion  
  79  6:10  Hellion  
  80  6:11  Starport Reactor  
  80  6:16  Terran Vehicle And Ship Armor Level 1, Terran Vehicle Weapons Level 1  
  80  6:29  SCV x2  
  80  6:32  Hellion  
  86  6:33  Hellion  
  86  6:43  Thor  
  86  6:45  SCV  
  86  6:46  SCV  
  94  6:56  Thor  
  94  6:57  Hellion  
  102  7:04  Medivac  
  102  7:05  Medivac  
  102  7:07  Hellion  
  108  7:15  SCV, Orbital Command  
  109  7:22  SCV  
  110  7:24  Supply Depot x2  
  110  7:31  SCV  
  110  7:33  Infernal Pre-Igniter  
  110  7:34  SCV  
  111  7:38  Factory  
  111  7:50  Hellion x2, Thor  
  111  7:51  Factory  
  121  7:54  SCV x3  
  124  8:11  Siege Tank  
  124  8:18  Hellion  
  124  8:19  Hellion, Viking x2  
  132  8:35  Factory Reactor  
  132  8:36  Factory Tech Lab  
  132  8:39  Supply Depot  
  132  8:40  Supply Depot, Siege Tank, Engineering Bay  
  135  8:45  Siege Tank  
  138  8:51  SCV x2  
  138  8:52  SCV, Supply Depot x2, Refinery  
  138  8:53  Refinery, Supply Depot  
  141  9:01  Siege Tank  
  144  9:10  Factory Reactor  
  144  9:13  Viking  
  146  9:20  SCV x2  
  146  9:22  Thor  
  148  9:24  Thor x2  
  148  9:26  Hellion x2, Siege Tank  
  148  9:27  Command Center  
  155  9:34  Siege Tank  
  158  9:39  Siege Tank  
  158  9:43  Viking  
  163  9:51  Command Center  
  163  9:57  Hellion  
  163  9:58  Siege Tank  
  168  10:00  Viking  
  168  10:06  Missile Turret x2  
  170  10:08  Hellion, Missile Turret  
  170  10:09  Missile Turret  
  170  10:12  Thor  
  176  10:21  Missile Turret  
  176  10:22  Sensor Tower  
  176  10:27  Terran Vehicle Weapons Level 2  
  173  10:37  Thor  
  174  10:44  Hellion  
  176  10:50  Missile Turret  
  176  10:53  Missile Turret  
  176  10:55  Terran Vehicle And Ship Armor Level 2  
  176  10:57  Orbital Command  
  171  11:12  Thor  
  171  11:13  Hellion  
  172  11:28  Building Armor  
  172  11:29  Missile Turret  
  172  11:31  Missile Turret  
  172  11:32  Missile Turret  
  170  11:33  Missile Turret  
  170  11:37  Missile Turret x2  
  170  11:39  Viking x2  
  169  11:52  SCV x3  
  172  11:54  Missile Turret  
  172  11:55  Missile Turret  
  172  11:58  Thor  
  178  12:09  Viking x2, Missile Turret  
  182  12:19  Planetary Fortress  
  182  12:25  Thor  
  188  12:36  Missile Turret  
  188  12:46  Thor  
  194  12:54  Refinery  
  166  12:59  Viking  
  166  13:00  Viking  
  166  13:01  Siege Tank  
  166  13:02  Hellion x2  
  156  13:08  Siege Tank  
  142  13:23  Hellion  
  142  13:24  Hellion  
  146  13:29  Viking  
  146  13:30  Viking  
  146  13:33  Siege Tank  
  146  13:34  SCV, Siege Tank  
  156  13:35  SCV x3  
  156  13:36  SCV  
  156  13:41  Hellion  
  161  13:45  Hellion  
  118  13:56  Hellion  
  118  13:59  Viking  
  118  14:00  Viking  
  107  14:04  Factory  
  107  14:05  Factory  
  107  14:09  Factory  
  107  14:16  Hellion x2, Siege Tank x2  
  117  14:21  Terran Vehicle Weapons Level 3  
  115  14:29  Hellion x3  
  115  14:32  Hellion, SCV x2  
  115  14:33  SCV  
  120  14:40  Thor  
  126  14:46  SCV x3  
  129  14:59  Hellion x2, Factory Tech Lab  
  133  15:00  Factory Tech Lab  
  133  15:01  Factory Tech Lab  
  133  15:02  SCV x4  
  133  15:04  Refinery  
  137  15:08  Siege Tank x2  
  137  15:11  Supply Depot  
  142  15:28  Viking x2  
  144  15:39  SCV  
  144  15:40  SCV x3  
  136  15:51  Sensor Tower  
  136  15:52  Missile Turret, Terran Vehicle And Ship Armor Level 3  
  136  15:54  Hellion x2  
  136  15:55  Missile Turret  
  136  15:58  Viking x2  
  136  15:59  Thor  
  146  16:09  Thor  
  152  16:12  Thor  
  158  16:19  Thor  
  164  16:27  Thor  
  164  16:28  SCV x3  
  173  16:34  Thor  
  179  16:50  Starport  
  179  16:51  Starport  
  179  16:52  SCV x5  
  184  16:54  Command Center  
  184  17:02  Thor  
  184  17:03  Hellion x2  
  184  17:05  Thor  
  198  17:11  Thor x9  
  198  17:19  Viking  
  200  17:26  Supply Depot  
  200  17:31  Command Center  
  200  17:43  Orbital Command  
  200  17:59  Refinery  
  200  18:00  Refinery  
  200  18:29  Terran Ship Weapons Level 1  
  200  18:36  Command Center  
  200  18:41  Command Center  
  200  18:53  Viking  
  200  18:54  Starport Tech Lab x2  
  200  19:03  Orbital Command  
  200  19:25  Orbital Command  
  197  20:06  Orbital Command  
  195  20:18  Viking x2  
  199  20:26  Factory  
  199  20:27  Factory  
  199  20:35  Refinery  
  199  20:44  Refinery  
  199  20:45  Planetary Fortress  
  199  21:32  Thor x2  
  169  21:33  Thor  
  169  21:37  Thor x3  
  169  21:38  Viking x3  
  177  21:42  Viking  
  139  21:54  Factory Tech Lab x2  
  129  22:03  Missile Turret  
  129  22:04  Missile Turret x2  
  129  22:05  Missile Turret  
  124  22:08  Viking x3  
  124  22:12  Viking  
  124  22:15  Thor x3  
  132  22:17  Starport  
  132  22:19  Starport, Thor  
  141  22:38  Viking x3, Thor  
  141  22:39  Thor  
  141  22:41  Thor  
  141  22:42  Viking  
  148  22:55  Hellion x2  
  150  22:59  Thor x3  
  166  23:08  Viking x3  
  166  23:12  Viking  
  160  23:22  Hellion x2  
  177  23:41  Command Center  
Tags
 
Add a new tag
Caveats
  • Supply blocks, unpowered buildings, or Contaminate may cause inaccurate times.
  • Supply counts are checked every 10 seconds.